 Dungeon Crawl Stone Soup version 0.19-a0-353-g6b7ed47 (webtiles) character file.

6562 Leszczynek the Basher (level 11, -10/72 HPs)
             Began as an Octopode Fighter on May 29, 2016.
             Was an Initiate of Gozag.
             Mangled by a hill giant
             ... wielding a +0 giant club
              (27 damage)
             ... on level 11 of the Dungeon.
             The game lasted 00:30:03 (11691 turns).

Leszczynek the Basher (Octopode Fighter)           Turns: 11691, Time: 00:30:04

Health: -10/72     AC:  6    Str: 21    XL:     11   Next: 1%
Magic:  11/11      EV: 14    Int: 11    God:    Gozag
Gold:   723        SH: 12    Dex: 14    Spells: 1 memorised, 8 levels left

rFire  . . .     SeeInvis .     a - +0 morningstar (protect)
rCold  . . .     Gourm    .     b - +1 shield
rNeg   . . .     Faith    .     (helmet restricted)
rPois  .         Spirit   .     (no amulet)
rElec  .         Dismiss  .     k - +5 ring of strength
rCorr  .         Reflect  .     (no ring)
SustAt .         Harm     .     (no ring)
MR     .....                    (no ring)
Stlth  +++++.....               (no ring)
                                (no ring)
                                (no ring)
                                (no ring)

@: gold aura, not resistant to hostile enchantments, quite stealthy
A: almost no armour, amphibious, 8 rings, constrict 8, camouflage 1, gelatinous
body 1, evolution 1
a: Potion Petition, Call Merchant, Bribe Branch, Renounce Religion


You were on level 11 of the Dungeon.
You worshipped Gozag.
Gozag was noncommittal.
You were not hungry.

You visited 1 branch of the dungeon, and saw 11 of its levels.
You also visited: Ossuary and Bailey.

You collected 1989 gold pieces.
You spent 188 gold pieces at shops.
You paid 1078 gold pieces to Gozag.

Inventory:

Hand Weapons
 a - a +0 morningstar of protection (weapon)
Missiles
 c - 3 tomahawks
 n - a throwing net
 q - 4 javelins (quivered)
Armour
 b - a +1 shield (worn)
Jewellery
 k - a +5 ring of strength (left tentacle)
Wands
 h - a wand of lightning (5/15)
 v - a wand of acid (7/15)
 y - a wand of flame (29/48)
 B - a wand of teleportation (4/9)
Scrolls
 g - a scroll of teleportation
 l - a scroll of remove curse
 m - 3 scrolls of enchant weapon
 C - a scroll of fog
Potions
 e - a potion of cure mutation
 f - a potion of brilliance
 i - 2 potions of curing
 o - a potion of magic
 r - a potion of haste
 s - 3 potions of flight
 t - 2 potions of agility
 u - a potion of resistance
 A - a potion of invisibility
Miscellaneous
 z - a sack of spiders
Comestibles
 j - 3 meat rations
 w - 5 bread rations


   Skills:
 - Level 5.7 Fighting
 * Level 11.8 Maces & Flails
 + Level 5.7 Dodging
 - Level 7.8 Stealth
 + Level 7.8 Shields


You had 8 spell levels left.
You knew the following spells:

 Your Spells              Type           Power        Failure   Level  Hunger
a - Cure Poison           Pois           #.........   96%         2    ###....


Dungeon Overview and Level Annotations

Branches:
Dungeon (11/15)            Temple (0/1) D:7
   Lair: D:8-11         Orc: D:9-12

Altars:
Ashenzari
Fedhas
Gozag
Hepliaklqana
Okawaru
Pakellas
Qazlal
Trog
Ukayaw
Vehumet
Yredelemnul

Shops:
D:5 (   D:6 }   D:7 (   D:8 [   D:10 ?

Annotations:
D:9 exclusions: oklob plant and oklob sapling


Innate Abilities, Weirdness & Mutations

You cannot wear most types of armour.
You are amphibious.
You can wear up to eight rings at the same time.
You can use your tentacles to constrict eight enemies at once.
Your skin changes colour to match your surroundings (Stealth+).
Your rubbery body absorbs attacks. (AC +1)
You evolve.


Message History

You kill the yak!
You have reached level 11!
You block the orc's attack. You block the yak's attack.
Drink which item? (? for menu, Esc to quit)
Okay, then.
You completely miss the hill giant. You block the orc's attack.
The yak gores you but does no damage.
The hill giant hits you with a giant club!
Unknown command.
You sock the hill giant!
The hill giant is moderately wounded.
You feel less woody.
The orc hits you from afar with a trident.
The yak gores you!
* * * LOW HITPOINT WARNING * * *
You hit the hill giant. You squeeze the hill giant.
The hill giant is moderately wounded.
The hill giant hits you with a giant club!!
You die...
Your body crumbles into a pile of gold.

$ ##### #.C@# ####
##.Y##
#..#####.o(#######
#..<.....(........
##...###.#.#######
###.##..#(########
#.#....(........
#.#..o.(....###
#.......$!..#


You could see a hill giant, a yak and an orc.

Vanquished Creatures
  An ugly thing (D:9)
  A spriggan (D:8)
  7 yaks
  A wyvern (D:10)
  Eustachio (D:4)
  2 hippogriffs
  2 sky beasts
  3 black bears
  A wasp (D:9)
  6 orc warriors
  4 ogres
  4 centaurs
  2 phantoms
  4 giant frogs
  3 scorpions
  A jelly (D:5)
  6 crimson imps
  2 centaur zombies
  7 orc priests
  5 hounds
  2 giant frog skeletons
  4 iguanas
  3 centaur skeletons
  10 orc wizards
  7 worker ants
  A hound zombie (D:7)
  A mummy (Ossuary)
  Robin (D:4)
  A worker ant zombie (D:5)
  9 gnolls
  15 adders
  A shadow imp (D:10)
  2 adder skeletons
  4 dart slugs
  8 giant geckos
  43 orcs
  7 giant cockroaches
  36 goblins
  23 hobgoblins
  11 jackals
  7 quokkas
  8 ball pythons
  6 bats
  A giant gecko skeleton (D:4)
  9 giant newts
  A goblin zombie (D:4)
  A hobgoblin zombie (Ossuary)
  9 kobolds
  2 kobold zombies (Ossuary)
  An orc zombie (Ossuary)
  12 rats
  A rat zombie (D:4)
  A bush (D:4)
  2 plants
313 creatures vanquished.

Vanquished Creatures (others)
  An adder (D:3)
  5 plants (D:9)
6 creatures vanquished.

Grand Total: 319 creatures vanquished

Notes
Turn   | Place    | Note
--------------------------------------------------------------
     0 | D:1      | Leszczynek the Octopode Fighter began the quest for the Orb.
     0 | D:1      | Reached XP level 1. HP: 16/16 MP: 1/1
   348 | D:1      | Reached XP level 2. HP: 21/21 MP: 2/2
   496 | D:1      | Reached XP level 3. HP: 26/26 MP: 3/3
   683 | D:1      | Reached skill level 3 in Maces & Flails
  1108 | D:2      | Found a shattered altar of Ashenzari.
  1174 | D:2      | Reached XP level 4. HP: 30/31 MP: 4/4
  1392 | D:2      | Found a shattered altar of Ashenzari.
  2271 | D:3      | Found a radiant altar of Vehumet.
  2298 | D:3      | Found a blossoming altar of Fedhas.
  2304 | D:3      | Reached XP level 5. HP: 37/37 MP: 5/5
  2460 | D:3      | Found an opulent altar of Gozag.
  2466 | D:3      | Became a worshipper of Gozag Ym Sagoz the Greedy
  2541 | D:3      | Reached skill level 4 in Maces & Flails
  2962 | D:4      | Found a sand-covered staircase.
  3011 | Ossuary  | Entered an ossuary
  3346 | D:4      | Reached XP level 6. HP: 29/43 MP: 6/6
  3570 | D:4      | Noticed a phantom
  3589 | D:4      | Killed a phantom
  3589 | D:4      | Reached skill level 5 in Maces & Flails
  3788 | D:4      | Reached XP level 7. HP: 17/48 MP: 7/7
  3991 | D:4      | Found an iron altar of Okawaru.
  4448 | D:4      | Noticed Eustachio
  4463 | D:4      | Noticed Robin
  4474 | D:4      | Killed Eustachio
  4474 | D:4      | Reached skill level 6 in Maces & Flails
  4474 | D:4      | Reached skill level 5 in Shields
  4513 | D:4      | Killed Robin
  4848 | D:5      | Entered Level 5 of the Dungeon
  4859 | D:5      | Found a basalt altar of Yredelemnul.
  5255 | D:5      | HP: 3/48 [something (6)]
  5260 | D:5      | HP: 4/48 [sky beast (6)]
  5622 | D:5      | HP: 1/48 [sky beast (6)]
  6007 | D:5      | Reached XP level 8. HP: 35/54 MP: 8/8
  6115 | D:5      | Reached skill level 7 in Maces & Flails
  6145 | D:5      | HP: 2/54 [iguana (7)]
  6637 | D:5      | Found Qikuetz's Antique Weapon Boutique.
  6640 | D:5      | Bought a glowing morningstar for 92 gold pieces
  6671 | D:6      | Found Fugif's Gadget Shoppe.
  7158 | D:6      | Reached skill level 8 in Maces & Flails
  7814 | D:7      | Found a hide-covered altar to Ukayaw.
  7814 | D:7      | Found a hazy altar of Hepliaklqana.
  7814 | D:7      | Found a stormy altar of Qazlal.
  7821 | D:7      | Found an oddly glowing altar of Pakellas.
  7853 | D:7      | Reached XP level 9. HP: 57/58 MP: 9/9
  7914 | D:7      | Reached skill level 9 in Maces & Flails
  8095 | D:7      | Gained mutation: You evolve. [potion of beneficial mutation]
  8103 | D:7      | Found a bloodstained altar of Trog.
  8182 | D:7      | Found Copei's Weapon Emporium.
  8318 | D:7      | Found a staircase to the Ecumenical Temple.
  8392 | D:8      | Found a flagged portal.
  8596 | D:8      | Reached skill level 10 in Maces & Flails
  8826 | Bailey   | Entered a bailey
  9219 | Bailey   | Noticed an orc knight
  9284 | Bailey   | Noticed an orc warlord
  9347 | D:8      | Reached skill level 5 in Fighting
  9347 | D:8      | Reached XP level 10. HP: 48/66 MP: 10/10
  9686 | D:9      | Reached skill level 11 in Maces & Flails
  9863 | D:9      | Noticed a green ugly thing
  9884 | D:9      | Killed a green ugly thing
  9884 | D:9      | Reached skill level 5 in Dodging
 10002 | D:9      | Found a blossoming altar of Fedhas.
 10035 | D:9      | Identified the Incunabulum of Nature
 10039 | D:9      | Learned a level 2 spell: Cure Poison
 10086 | D:9      | Noticed an oklob plant
 10358 | D:10     | Entered Level 10 of the Dungeon
 10413 | D:10     | Noticed a purple ugly thing
 10595 | D:10     | Upgraded the game from 0.19-a0-347-g6bb00b2 to 0.19-a0-353-g6b7ed47
 11054 | D:10     | Reached skill level 5 in Stealth
 11346 | D:10     | Bought a scroll of fog for 32 gold pieces
 11347 | D:10     | Bought a scroll of identify for 32 gold pieces
 11347 | D:10     | Bought a scroll of identify for 32 gold pieces
 11673 | D:11     | Noticed a hill giant
 11688 | D:11     | Reached XP level 11. HP: 53/72 MP: 11/11
 11691 | D:11     | Mangled by a hill giant

Vault maps used:
D:1:      dpeg_arrival_connections
D:2:      overflow_temple_1_default, ashenzari_altar_1
D:3:      nicolae_overflow_crystal_walls, lemuel_round_altar,
          fiery_altar_vehumet
D:4:      okawaru_ov_weapons_minmay, enter_ossuary_4, serial_forest,
          infiniplex_forest_end_double, infiniplex_forest_clump_long,
          infiniplex_forest_lined_corner, infiniplex_forest_zigzag_2,
          infiniplex_forest_clump_medium, infiniplex_forest_clump_cross,
          infiniplex_forest_end_2, infiniplex_forest_clump_curved,
          infiniplex_forest_end_2, infiniplex_forest_clump_double, minivault_14,
          uniq_robin, uniq_eustachio
D:5:      kennysheep_little_box, first_bread, serial_shops,
          kennysheep_mini_moat, minmay_misc_feat_plants
D:6:      serial_shops, shop, kennysheep_windowed_goal
D:7:      trog_ov_bears_minmay, nicolae_overflow_quartered_altars,
          minmay_temple_entry_poolview, serial_shops, nicolae_shop_crystal
D:8:      enter_bailey_2, the_bakery
D:9:      introduction_to_nature_1
D:11:     erik_lair_dragon, basic_altar
Ossuary:  ossuary_tomb_3
Bailey:   bailey_axe_minmay_hex_keep, bailey

Skill      XL: |  1  2  3  4  5  6  7  8  9 10 |
---------------+-------------------------------+-----
Maces & Flails | 3 4 5 6 8 10 11 | 11.8
Fighting       | 4 5 |  5.7
Shields        | 4 5 6 7 |  7.8
Dodging        | 4 5 |  5.7
Stealth        | 7 |  7.8

Action                   |  1- 3 |  4- 6 |  7- 9 | 10-12 || total
-------------------------+-------+-------+-------+-------++-------
Melee: Flail             |    64 |   126 |   174 |       ||   364
       Constrict         |    17 |    26 |    78 |    24 ||   145
       Tentacles         |    10 |    24 |    98 |    42 ||   174
       Morningstar       |       |       |   209 |   198 ||   407
Throw: Javelin           |       |       |     5 |     1 ||     6
Invok: Potion Petition   |       |       |     1 |       ||     1
       Call Merchant     |       |       |       |     2 ||     2
  Use: Scroll            |       |     4 |    20 |     6 ||    30
       Potion            |       |       |     4 |     3 ||     7
 Stab: Sleeping          |     6 |     9 |    10 |     3 ||    28
       Distracted        |       |       |     3 |     2 ||     5
  Eat: Chunk             |     1 |     4 |       |       ||     5
       Bread ration      |       |     1 |     3 |     1 ||     5
       Fruit             |       |       |     2 |       ||     2
       Royal jelly       |       |       |     1 |     1 ||     2
       Beef jerky        |       |       |     2 |       ||     2
Armor: Skin              |     4 |     3 |    25 |    45 ||    77
Dodge: Dodged            |    17 |    42 |   109 |    74 ||   242
Block: Shield            |    28 |    60 |   167 |   110 ||   365
